 Dungeon Crawl Stone Soup version 0.29.1-1-gd02db69 (webtiles) character file.

Game seed: 8362537038037041349

5789 Dorkslayer the Cleaver (level 10, -2/94 HPs)
             Began as a Hill Orc Fighter on Oct 18, 2022.
             Was an Initiate of Gozag.
             Slain by Erolcha
             ... wielding a +0 giant club
              (25 damage)
             ... on level 9 of the Dungeon.
             The game lasted 00:22:42 (9834 turns).

Dorkslayer the Cleaver (Hill Orc Fighter)           Turns: 9834, Time: 00:22:42

Health: -2/94      AC: 23    Str: 22    XL:     10   Next: 79%
Magic:  10/10      EV: 11    Int:  8    God:    Gozag
Gold:   682        SH: 10    Dex: 12    Spells: 9/9 levels left

rFire   . . .      SeeInvis .   a - +1 war axe
rCold   . . .      Faith    .   c - +0 buckler
rNeg    . . .      Spirit   .   F - +0 plate armour
rPois   +          Reflect  +   n - +0 hat
rElec   .          Harm     .   y - +2 cloak {rPois}
rCorr   .          Rampage  .   M - +2 pair of gloves
Will    .....                   C - +2 pair of boots
Stlth   ..........              l - amulet of reflection
HPRegen 0.25/turn               q - +4 ring of evasion
MPRegen 0.12/turn               (no ring)

@: mighty
A: no striking features
a: Renounce Religion, Potion Petition, Call Merchant, Bribe Branch


You were on level 9 of the Dungeon.
You worshipped Gozag.
Gozag was pleased with you.
You visited 2 branches of the dungeon, and saw 10 of its levels.

You collected 1760 gold pieces.
You spent 967 gold pieces at shops.
You paid 111 gold pieces to Gozag.

Inventory:

Hand Weapons
 a - a +1 war axe (weapon)
 h - a +1 long sword of flaming
 r - the +8 frozen axe "Frostbite" {freezing cloud, *Noise Fly rC+}
   (You found it on level 9 of the Dungeon)

   It freezes those it strikes, dealing additional cold damage.
   It can also slow down cold-blooded creatures.
   It occasionally leaves clouds of freezing vapour upon striking a foe.
   It grants immunity to clouds of freezing vapour.
   rC:        It protects you from cold.
   Fly:       It grants you flight.
   *Noise:    It may make noises in combat.
Missiles
 w - a silver boomerang (quivered)
 x - 3 boomerangs
Armour
 c - a +0 buckler (worn)
 n - a +0 hat (worn)
 y - a +2 cloak of poison resistance (worn)
 C - a +2 pair of boots (worn)
 F - a +0 plate armour (worn)
 M - a +2 pair of gloves (worn)
Jewellery
 l - an amulet of reflection (around neck)
 q - a +4 ring of evasion (left hand)
Wands
 j - a wand of digging (3)
 H - a wand of polymorph (7)
 K - a wand of paralysis (2)
Scrolls
 e - 6 scrolls of teleportation
 g - 4 scrolls of amnesia
 k - a scroll of summoning
 t - a scroll of fog
 u - a scroll of fear {unknown}
 v - 3 scrolls of enchant weapon
 D - a scroll of enchant armour {unknown}
 G - a scroll of blinking {unknown}
 I - a scroll of magic mapping
 L - a scroll of silence
Potions
 f - a potion of lignification {unknown}
 i - 3 potions of curing
 m - 5 potions of haste
 o - a potion of heal wounds
 p - a potion of cancellation {unknown}
 s - 5 potions of mutation
 z - a potion of magic
 A - a potion of brilliance {unknown}
 B - a potion of ambrosia
 E - 2 potions of flight
 J - a potion of resistance


   Skills:
 * Level 10.6 Fighting
 * Level 2.9 Long Blades
 + Level 12.5 Axes
 + Level 1.0 Throwing
 + Level 7.3 Armour
 + Level 2.8 Dodging
 + Level 0.2 Stealth
 + Level 5.5 Shields
 * Level 3.6 Evocations


You had 9 spell levels left.
You didn't know any spells.
Your spell library contained the following spells:

 Spells                   Type           Power      Damage    Failure   Level
 Magic Dart               Conj           0%         1d3       100%        1
 Call Imp                 Summ           0%         N/A       100%        2
 Ensorcelled Hibernation  Hex/Ice        0%         N/A       100%        2
 Mephitic Cloud           Conj/Pois/Air  0%         N/A       100%        3
 Hailstorm                Conj/Ice       0%         3d3       100%        4
 Iskenderun's Battlesphe  Conj           0%         2d6       100%        5
 Summon Forest            Summ/Tloc      0%         N/A       100%        5
 Conjure Ball Lightning   Conj/Air       0%         3x3d6     100%        6
 Eringya's Noxious Bog    Tmut/Pois      0%         N/A       100%        6
 Iron Shot                Conj/Erth      0%         9d1       100%        6
 Malign Gateway           Summ/Tloc      0%         N/A       100%        7
 Spellforged Servitor     Conj/Summ      0%         N/A       100%        7
 Summon Hydra             Summ           0%         N/A       100%        7
 Discord                  Hex            0%         N/A       100%        8
 Disjunction              Tloc           0%         N/A       100%        8


Dungeon Overview and Level Annotations

Branches:
Dungeon (9/15)             Temple (1/1) D:7
   Lair: D:8-11         Orc: D:9-12

Altars:
Ashenzari
Cheibriados
Dithmenos
Fedhas
Gozag
Nemelex Xobeh
Qazlal
Ru
Sif Muna
Trog
Vehumet
Xom
Yredelemnul
Zin
The Shining One

Shops:
D:1 :!(   D:9 *

Annotations:
D:9 3 runed translucent doors, Erolcha; Refli's ghost, journeyman DrCj


Message History

You finish taking off your +0 pair of gloves.
You start putting on your armour.
You continue putting on your +2 pair of gloves. x5
You finish putting on your +2 pair of gloves.
You drop a +0 pair of gloves.
You now have 682 gold pieces (gained 15).
You see here a +1 hand axe.
Erolcha the Cunning comes into view.
She is wielding a +0 giant club.
Erolcha shouts!
Erolcha roars.
Erolcha gestures wildly while chanting.
Erolcha flickers and vanishes!
Deactivating autopickup; reactivate with Ctrl-A.
Okay, then.
You see here a +1 hand axe.
You feel very mighty all of a sudden.
You see here a +1 hand axe.
You slash something! Something hits you!
You closely miss something. You slash something! Something hits you!!
You barely miss something. You slash something! Something hits you!
You barely miss something.
Aiming: Paralyse
Press: ? - help, Shift-Dir - straight line Nothing appears to happen.
Something hits you but does no damage.
Aiming: Paralyse
Press: ? - help, Shift-Dir - straight line Nothing appears to happen.
You block something's attack.
You closely miss something. You hit something but do no damage.
Something hits you!!
* * * LOW HITPOINT WARNING * * *
Cleave: a) +1 war axe
Press: ? - help, Dir - move target, f - you
Okay, then.
Aiming: Paralyse
Press: ? - help, Shift-Dir - straight line Nothing appears to happen.
Something hits you!!
You die...
Your body crumbles into a pile of gold.

.⌠.⌠.##.# #P.?.♣##
#.........# 8.8.8....
##~♣P### ##...#~~#..#
#########
###.###....~##~..'
########
#.#####.....#...#.##~..'
........ ..........#
#...~##~#..' .#######
#.........# #...~##~...'
#.# #######.###
##..#~~#...# .## #{#
#.........# ## #@#
#.........# # #.#
##..###..## #.#
#..###..# ####### #.#
#...#...# #.....# #.#
#.......# #.###.####.#
#.#...#.# #######.#
#......# #~#~#~#~#
........# ########
######### #########


There were no monsters in sight!

Vanquished Creatures
  A two-headed ogre (D:8)
  Pikel (D:8)
  Maggie (D:8)
  Psyche (D:8)
  2 freezing wraiths (D:9)
  2 steam dragons
  A basilisk (D:9)
  A water moccasin (D:6)
  An orc warrior (D:9)
  2 sky beasts
  An ice beast (D:7)
  A black bear (D:7)
  4 ogres
  A centaur (D:7)
  2 phantoms (D:6)
  A kobold brigand (D:6)
  4 bullfrogs
  4 scorpions
  6 necrophages
  8 wights (D:9)
  3 killer bees
  A howler monkey (D:9)
  2 orc priests
  6 hounds
  Crazy Yiuf (D:4)
  2 iguanas (D:6)
  5 orc wizards
  6 adders
  4 gnolls
  A shadow imp (D:8)
  6 white imps
  An ufetubus (D:6)
  2 worms
  4 dart slugs
  9 orcs
  5 endoplasms
  8 giant cockroaches
  9 goblins
  6 hobgoblins
  9 jackals
  6 quokkas
  11 ball pythons
  7 bats
  7 frilled lizards
  10 kobolds
  6 rats
182 creatures vanquished.

Vanquished Creatures (others)
  9 fungi (D:6)
  5 plants
  6 toadstools (D:6)
20 creatures vanquished.

Grand Total: 202 creatures vanquished

Notes
Turn   | Place    | Note
-------+----------+-------------------------------------------
     0 | D:1      | Dorkslayer the Hill Orc Fighter began the quest for the
                  | Orb.
     0 | D:1      | Reached XP level 1. HP: 19/19 MP: 1/1
    68 | D:1      | HP: 1/20 [gnoll/+0 club (3)]
    70 | D:1      | Reached XP level 2. HP: 2/27 MP: 2/2
   427 | D:1      | Found Renok's Weapon Shop.
   597 | D:1      | Reached skill level 3 in Axes
   619 | D:1      | Reached XP level 3. HP: 33/33 MP: 3/3
   655 | D:1      | Found Ovoume's Book Boutique.
   941 | D:1      | Found Heniodghotu's Distillery.
  1179 | D:2      | Found a faded altar of an unknown god.
  1339 | D:2      | Reached skill level 1 in Dodging
  1573 | D:2      | Reached XP level 4. HP: 25/40 MP: 4/4
  1886 | D:3      | Reached skill level 4 in Axes
  2531 | D:3      | Noticed a necrophage
  2543 | D:3      | Killed a necrophage
  2544 | D:3      | Reached XP level 5. HP: 46/47 MP: 5/5
  2743 | D:3      | Reached skill level 5 in Axes
  2746 | D:3      | Found a glowing golden altar of the Shining One.
  2815 | D:3      | Noticed an ogre
  2823 | D:3      | Killed an ogre
  2824 | D:3      | Reached skill level 5 in Fighting
  2824 | D:3      | Reached XP level 6. HP: 46/56 MP: 6/6
  3049 | D:4      | Found a runed translucent door.
  3050 | D:4      | Noticed Crazy Yiuf
  3145 | D:4      | Reached skill level 6 in Axes
  3253 | D:4      | Found an opulent altar of Gozag.
  3263 | D:4      | Became a worshipper of Gozag Ym Sagoz the Greedy
  3279 | D:4      | Found a sacrificial altar of Ru.
  3338 | D:4      | Found a glowing silver altar of Zin.
  3423 | D:4      | Reached XP level 7. HP: 56/61 MP: 7/7
  3591 | D:4      | Reached skill level 7 in Axes
  3990 | D:4      | Killed Crazy Yiuf
  4156 | D:5      | Entered Level 5 of the Dungeon
  4354 | D:5      | Noticed a steam dragon
  4363 | D:5      | Reached skill level 8 in Axes
  4366 | D:5      | Killed a steam dragon
  4367 | D:5      | Reached XP level 8. HP: 53/71 MP: 8/8
  4858 | D:5      | Found a shadowy altar of Dithmenos.
  4998 | D:6      | Reached skill level 5 in Armour
  5027 | D:6      | Reached skill level 9 in Axes
  5042 | D:6      | Found a basalt altar of Yredelemnul.
  5552 | D:6      | Reached XP level 9. HP: 80/81 MP: 9/9
  5602 | D:6      | Found a radiant altar of Vehumet.
  5602 | D:6      | Found a shimmering blue altar of Sif Muna.
  5783 | D:6      | Reached skill level 10 in Axes
  5963 | D:7      | Found a blossoming altar of Fedhas.
  6286 | D:7      | Identified a scroll of acquirement
  6286 | D:7      | Acquired 304 gold pieces
  6469 | D:7      | Found a staircase to the Ecumenical Temple.
  6478 | Temple   | Entered the Ecumenical Temple
  7037 | D:7      | Reached skill level 1 in Evocations
  7069 | D:7      | Reached skill level 11 in Axes
  7321 | D:8      | Noticed Psyche
  7337 | D:8      | Paralysed by Psyche for 3 turns
  7402 | D:8      | Paralysed by something for 5 turns
  7436 | D:8      | Killed Psyche
  7573 | D:8      | Noticed Maggie
  7587 | D:8      | Killed Maggie
  7776 | D:8      | Found a stormy altar of Qazlal.
  7776 | D:8      | Found a sparkling altar of Nemelex Xobeh.
  8066 | D:8      | Found a bloodstained altar of Trog.
  8211 | D:8      | Reached XP level 10. HP: 78/91 MP: 10/10
  8305 | D:8      | Noticed Pikel
  8319 | D:8      | Killed Pikel
  8320 | D:8      | Reached skill level 1 in Long Blades
  8528 | D:9      | Reached skill level 10 in Fighting
  8562 | D:9      | Noticed a two-headed ogre
  8579 | D:8      | Killed a two-headed ogre
  8580 | D:8      | Reached skill level 12 in Axes
  8871 | D:9      | Reached skill level 5 in Shields
  9052 | D:9      | Reached skill level 1 in Throwing
  9406 | D:9      | Found the +8 frozen axe "Frostbite" {freezing cloud, *Noise
                  | Fly rC+}
  9409 | D:9      | Got the Volume of the Traveller and the Snowflakes
  9651 | D:9      | Found a runed translucent gate.
  9651 | D:9      | Found a runed translucent gate.
  9651 | D:9      | Found a runed translucent gate.
  9651 | D:9      | Noticed Refli's ghost (journeyman DrCj)
  9655 | D:9      | Noticed a nine-headed hydra
  9729 | D:9      | Found Aboafeoch's General Store.
  9736 | D:9      | Bought a scroll of teleportation for 39 gold pieces
  9736 | D:9      | Bought 2 potions of mutation for 208 gold pieces
  9736 | D:9      | Bought a scroll of magic mapping for 97 gold pieces
  9736 | D:9      | Bought a potion of resistance for 130 gold pieces
  9736 | D:9      | Bought a wand of paralysis (5) for 156 gold pieces
  9736 | D:9      | Bought a scroll of silence for 123 gold pieces
  9736 | D:9      | Bought a +2 pair of gloves for 214 gold pieces
  9810 | D:9      | Noticed Erolcha
  9834 | D:9      | Slain by Erolcha

Illustrated notes

Levels and vault maps discovered:
D:1:      matt_arrival_los_fun, layout_loops_ring, serial_shops,
          nicolae_shop_trees, nicolae_shop_waterfront,
          nicolae_shop_window_shopping
D:2:      layout_basic, basic_ecumenical_altar
D:3:      wad_crossroads, layout_basic,
          mainiacjoe_overflow_concentric_impassable
D:4:      layout_rooms, mainiacjoe_overflow_paths, general_overflow_altar,
          nicolae_ru_awakened_eye, nzn_random_ring, uniq_crazy_yiuf_cottage
D:5:      layout_basic, lemuel_doored_altar
D:6:      layout_loops_ring, gammafunk_temple_overflow_elements,
          mainiacjoe_overflow_24_doors, minmay_gold_behind_fungi
D:7:      layout_basic, fedhas_ov_isle_minmay,
          minmay_temple_entry_gardened_gates
D:8:      layout_basic, lemuel_tele_altar, mainiacjoe_overflow_divided_tiny,
          uniq_maggie, uniq_pikel, uniq_psyche
D:9:      layout_loops_ring, gammafunk_ghost_hydra_chop, serial_shops,
          nicolae_shop_temple_entry_statues_fountains, nrook_campfire,
          hellmonk_guarded_unrand_frostbite, uniq_erolcha
Temple:   hellmonk_temple_of_storms

Skill      XL: |  1  2  3  4  5  6  7  8  9 10 |
---------------+-------------------------------+-----
Fighting       | 4 5 6 7 9 10 | 10.6
Axes           | 3 4 5 6 8 9 11 12 | 12.5
Dodging        | 1 2 |  2.8
Armour         | 4 5 6 7 |  7.3
Shields        | 4 5 |  5.5
Evocations     | 2 3 |  3.6
Long Blades    | 2 |  2.9
Throwing       | 1 |  1.0
Stealth        | |  0.2

Action                   |  1- 3 |  4- 6 |  7- 9 | 10-12 || total
-------------------------+-------+-------+-------+-------++-------
Melee: War axe           |   113 |   144 |   282 |   136 ||   675
       Unarmed           |       |       |     4 |       ||     4
Throw: Boomerang         |       |       |     4 |    28 ||    32
Evoke: Wand              |       |       |     5 |     3 ||     8
  Use: Scroll            |     4 |     4 |     9 |     1 ||    18
       Potion            |       |     1 |     4 |     1 ||     6
 Stab: Invisible         |       |       |     1 |       ||     1
Armor: Scale mail        |    63 |    73 |       |       ||   136
       Chain mail        |       |     4 |   122 |    32 ||   158
       Skin              |       |       |     8 |       ||     8
       Plate armour      |       |       |       |    36 ||    36
Dodge: Dodged            |    71 |    93 |   130 |    54 ||   348
Block: Buckler           |    27 |    36 |    65 |    68 ||   196
       Reflection        |       |       |       |     3 ||     3
